 Dungeon Crawl Stone Soup version 0.31-a0-844-gdc52ec4e09 (webtiles) character file.

Game seed: 18280767003005879666

49 Kurtz the Trooper (level 3, -4/27 HPs)
             Began as an Octopode Fighter on Sept 29, 2023.
             Slain by a gnoll
             ... wielding a +0 flail
              (12 damage)
             ... on level 2 of the Dungeon.
             The game lasted 00:01:03 (723 turns).

Kurtz the Trooper (Octopode Fighter)                 Turns: 723, Time: 00:01:03

Health: -4/27      AC:  1    Str: 15    XL:     3   Next: 75%
Magic:  3/3        EV: 13    Int: 10    God:
Gold:   35         SH:  4    Dex: 13    Spells: 2/2 levels left

rFire   . . .        a - +0 war axe
rCold   . . .        b - +0 buckler
rNeg    . . .        (helmet restricted)
rPois   .            (no amulet)
rElec   .            (no ring)
rCorr   .            (no ring)
SInv    .            (no ring)
Will    .....        (no ring)
Stlth   ++           (no ring)
HPRegen 0.24/turn    (no ring)
MPRegen 0.08/turn    (no ring)
                     (no ring)

%: no passive effects
@: no status effects
A: almost no armour, amphibious, 8 rings, camouflage 1, gelatinous body 1,
(nimble swimmer 1), tentacles
a: no special abilities


You were on level 2 of the Dungeon.
You visited 1 branch of the dungeon, and saw 2 of its levels.

You collected 35 gold pieces.

Inventory:

Hand Weapons
 a - a +0 war axe (weapon)
Armour
 b - a +0 buckler (worn)
Scrolls
 f - a scroll of vulnerability {unknown}
 g - a scroll of poison {unknown}
 h - a scroll of amnesia {unknown}
Potions
 c - a potion of might
 d - 3 potions of curing {unknown}
 e - 2 potions of mutation {unknown}


   Skills:
 + Level 3.7 Fighting
 * Level 3.3 Axes
 - Level 3.0 Dodging
 - Level 3.0 Shields


You had 2 spell levels left.
You didn't know any spells.
Your spell library was empty.

Dungeon Overview and Level Annotations

Branches:
Dungeon (2/15)

Altars:


Innate Abilities, Weirdness & Mutations

You cannot wear most types of armour.
You are amphibious.
You can wear up to eight rings at the same time.
Your skin changes colour to match your surroundings (Stealth+).
Your rubbery body absorbs attacks. (AC +1, EV +1)
((You are camouflaged when in or above water. (Stealth+)))
You have tentacles for arms and can constrict up to eight enemies at once.


Message History

You kill the hobgoblin!
A gnoll is nearby! 3 gnolls come into view.
Found a scroll labelled MAEFOE SOFEX.
The gnoll shouts!
The gnoll moves out of view.
You see here a hobgoblin corpse.
You hit the gnoll. Your grab misses the gnoll.
The gnoll is lightly wounded.
The gnoll barely misses you.
There are monsters nearby!
You barely miss the gnoll. Your grab misses the gnoll.
The gnoll is lightly wounded.
The gnoll completely misses you. The gnoll closely misses you. x2
There are monsters nearby!
You slash the gnoll!
You kill the gnoll!
You barely miss the gnoll. The gnoll closely misses you.
Your Axes skill increases to level 3!
You barely miss the gnoll. You grab the gnoll. You slash the gnoll!
You constrict the gnoll. The gnoll barely misses you.
The gnoll completely misses you.
You slash the gnoll!
You kill the gnoll!
You slash the gnoll! You constrict the gnoll.
The gnoll hits you with a +0 flail! The gnoll misses you.
The gnoll barely misses you.
You release your grip on the gnoll.
You hit the gnoll. You grab the gnoll.
The gnoll is moderately wounded.
You constrict the gnoll. The gnoll hits you with a +0 flail!
* * * LOW HITPOINT WARNING * * *
You are too injured to fight recklessly!
You are too injured to fight recklessly!
You hit the gnoll.
You squeeze the gnoll, but do no damage.
The gnoll is heavily wounded.
You constrict the gnoll. The gnoll closely misses you.
The gnoll hits you with a +0 flail!
You die...

.. . .##
.# ...
.# ..
..#..
#.# #.#.
#...##..
#...?.g#
#g#
#@###
#...#
###.#
#.##
#..#
##<# ###


You could see 2 gnolls.

Vanquished Creatures
  2 gnolls (D:2)
  2 endoplasms (D:1)
  2 giant cockroaches (D:1)
  5 hobgoblins
  A quokka (D:1)
  A ball python (D:1)
  5 bats (D:1)
  3 frilled lizards (D:1)
  A goblin (D:1)
  4 kobolds (D:1)
  4 rats (D:1)
30 creatures vanquished.

Notes
Turn   | Place    | Note
-------+----------+-------------------------------------------
     0 | D:1      | Kurtz the Octopode Fighter began the quest for the Orb.
     0 | D:1      | Reached XP level 1. HP: 16/16 MP: 1/1
    62 | D:1      | Reached XP level 2. HP: 16/21 MP: 2/2
   413 | D:1      | Reached XP level 3. HP: 26/26 MP: 3/3
   723 | D:2      | Slain by a gnoll

Illustrated notes

Levels and vault maps discovered:
D:1:      minmay_arrival_diagonal_passages, layout_basic, minivault_27
D:2:      layout_rooms, serial_shops, nicolae_shop_crystal

Skill      XL: |  1  2  3 |
---------------+----------+-----
Axes           | 3 |  3.3
Fighting       | |  3.7
Dodging        | |  3.0
Shields        | |  3.0

Action                     || total
---------------------------++-------
  Melee: War axe           ||    55
         Constrict         ||    13
         Tentacles         ||    10
   Stab: Sleeping          ||     6
 Armour: Skin              ||    19
  Dodge: Dodged            ||    51
  Block: Buckler           ||     8

Table legend: (Time is in decaauts)
 A = Elapsed time spent in this place.
 B = Non-inter-level travel time spent in this place.
 C = Inter-level travel time spent in this place.
 D = Time resting spent in this place.
 E = Time spent auto-exploring this place.
 F = Levels seen in this place.
 G = Mean time per level.
                   A        B        C        D        E       F      G
               +--------+--------+--------+--------+--------+-----+--------+
         Total |    745 |    665 |     80 |      0 |    504 |   2 |  372.5 |
       Dungeon |    745 |    665 |     80 |      0 |    504 |   2 |  372.5 |
               +--------+--------+--------+--------+--------+-----+--------+

Top non-repeatable levels by time:
     D:1: 725 daAuts
     D:2: 20 daAuts
